 Dungeon Crawl Stone Soup version 0.29.1-1-gd02db6906a (webtiles) character file.

Game seed: 13154774535315400583

595 groovy9 the Skirmisher (level 7, -2/50 HPs)
             Began as a Formicid Hunter on Sept 18, 2022.
             Slain by a killer bee (3 damage)
             ... on level 5 of the Dungeon.
             The game lasted 00:10:45 (2899 turns).

groovy9 the Skirmisher (Formicid Hunter)            Turns: 2899, Time: 00:10:46

Health: -2/50      AC:  5    Str: 15    XL:     7   Next: 67%
Magic:  7/7        EV: 12    Int: 13    God:
Gold:   187        SH:  0    Dex: 25    Spells: 5/6 levels left

rFire   + . .      SeeInvis +   a - +4 arbalest of Sloth {penet, Int+4}
rCold   . . .      Faith    .   (no shield)
rNeg    . . .      Spirit   .   c - +1 leather armour
rPois   .          Reflect  .   (helmet unavailable)
rElec   .          Harm     .   q - +0 cloak
rCorr   .          Rampage  .   (no gloves)
Will    .....                   (no boots)
Stlth   ++........              (no amulet)
HPRegen 0.16/turn               d - +6 ring of dexterity
MPRegen 0.10/turn               o - ring of protection from fire

@: lethally poisoned (-2 -> -11), studying Maces & Flails
A: permanent stasis, dig shafts and tunnels, antennae 3, four strong arms
a: Dig, Shaft Self


You were on level 5 of the Dungeon.
You visited 1 branch of the dungeon, and saw 5 of its levels.

You collected 187 gold pieces.

Inventory:

Hand Weapons
 a - the +4 arbalest of Sloth (weapon) {penet, Int+4}
   (You acquired it on level 2 of the Dungeon)

   Any ammunition fired by it passes through the targets it hits, potentially
   hitting all targets in its path until it reaches maximum range.
   Int:       It affects your intelligence (+4).
 b - a +0 longbow
Armour
 c - a +1 leather armour (worn)
 q - a +0 cloak (worn)
Jewellery
 d - a +6 ring of dexterity (left hand)
 j - a ring of ice
 o - a ring of protection from fire (right hand)
Wands
 f - a wand of charming (12)
Scrolls
 e - a scroll of silence
 g - a scroll of vulnerability
 k - 3 scrolls of identify
 l - a scroll of amnesia
 m - 2 scrolls of enchant armour
 s - a scroll of torment
 t - a scroll of immolation
Potions
 h - 2 potions of attraction
 n - a potion of mutation
 r - a potion of cancellation


   Skills:
 - Level 2.1 Fighting
 * Level 8.4 Ranged Weapons
 - Level 1.7 Dodging
 - Level 1.2 Stealth
 + Level 2.2 Necromancy


You had 5 spell levels left.
You knew the following spells:

 Your Spells              Type           Power      Damage    Failure   Level
a - Necrotise             Necr           20%        1d5       16%         1

Your spell library contained the following spells:

 Spells                   Type           Power      Damage    Failure   Level
 Vampiric Draining        Necr           5%         2d6       43%         3
 Agony                    Necr           5%         N/A       99%         5
 Fireball                 Conj/Fire      0%         3d3       100%        5
 Iskenderun's Battlesphe  Conj           0%         2d6       100%        5
 Conjure Ball Lightning   Conj/Air       0%         3x3d6     100%        6
 Orb of Destruction       Conj           0%         9d5       100%        7


Dungeon Overview and Level Annotations

Branches:
Dungeon (5/15)
 Temple: D:4-7

Altars:
Wu Jian
Zin

Annotations:
D:5 1 transporter, Iusername's ghost, novice MiFi


Innate Abilities, Weirdness & Mutations

You cannot be hasted, slowed, berserked, paralysed or teleported.
You can dig through walls and to a lower floor.
You have a pair of large antennae on your head. (SInv)
Your four strong arms can wield two-handed weapons with a shield.


Message History

You feel very sick.
The killer bee closely misses you. x2; The killer bee stings you.
* * * LOW HITPOINT WARNING * * *
The killer bee closely misses you. The killer bee stings you.
* * * LOW HITPOINT WARNING * * *
The killer bee barely misses you.
You feel much better.
You feel sick. The killer bee closely misses you. The killer bee stings you!
The killer bee stings you but does no damage.
The killer bee stings you.
* * * LOW HITPOINT WARNING * * *
You are more poisoned.
The killer bee poisons you!
You feel better. The killer bee barely misses you.
The killer bee stings you but does no damage. x2
The killer bee stings you.
Fire: a) +4 arbalest of Sloth {penet, Int+4}
Press: ? - help, Q - select action, (/) - cycle Shift-Dir - straight line, f/p - killer bee
Aim: a killer bee (severely wounded, 47% to hit)
You shoot a bolt. The bolt closely misses the killer bee.
The bolt closely misses the jackal.
The killer bee stings you.
You are poisoned.
The killer bee poisons you! The killer bee closely misses you.
The killer bee misses you. The killer bee stings you!
* * * LOW HITPOINT WARNING * * *
You are lethally poisoned!
The killer bee poisons you! The killer bee misses you.
The killer bee stings you.
* * * LOW HITPOINT WARNING * * *
Fire: a) +4 arbalest of Sloth {penet, Int+4}
Press: ? - help, Q - select action, (/) - cycle Shift-Dir - straight line, f/p - killer bee
Aim: a killer bee (severely wounded, 47% to hit)
You shoot a bolt. The bolt misses the killer bee.
The bolt pierces through the jackal!
You kill the jackal!
* * * LOW HITPOINT WARNING * * *
You feel very sick. The killer bee barely misses you.
The killer bee stings you.
You die...

## #################.
####..............#..
######..#y~~~~~~~~~≈≈~.#..
.......†y@≈≈≈≈≈≈≈≈≈≈≈~.'.#
.##.....#.~~≈≈≈≈≈≈≈≈≈~.###
......†.#.~~~~≈~~~~~~≈.#
.##.##.##..............# #
... ##################
#.#.. ....... .. ...
...#### ..y.... . .....


You could see 2 killer bees.

Vanquished Creatures
  An orc warrior (D:4)
  A black bear (D:5)
  A killer bee (D:5)
  2 hounds
  A gnoll bouda (D:4)
  2 iguanas
  An orc wizard (D:5)
  4 adders
  8 gnolls (D:4)
  An ufetubus (D:5)
  A worm (D:2)
  7 orcs
  7 ball pythons
  7 endoplasms
  A giant cockroach (D:2)
  5 goblins
  10 hobgoblins
  4 jackals (D:5)
  4 quokkas
  4 bats
  5 frilled lizards
  4 kobolds
  4 rats
85 creatures vanquished.

Notes
Turn   | Place    | Note
-------+----------+-------------------------------------------
     0 | D:1      | groovy9 the Formicid Hunter began the quest for the Orb.
     0 | D:1      | Reached XP level 1. HP: 16/16 MP: 1/1
   140 | D:1      | Found a faded altar of an unknown god.
   195 | D:1      | Reached XP level 2. HP: 22/22 MP: 2/2
   505 | D:2      | Identified a scroll of acquirement
   505 | D:2      | Acquired the +4 arbalest of Sloth {penet, Int+4}
   546 | D:2      | Found a glowing silver altar of Zin.
   580 | D:2      | Reached XP level 3. HP: 27/27 MP: 3/3
   582 | D:2      | Reached skill level 5 in Ranged Weapons
  1362 | D:3      | Reached XP level 4. HP: 33/33 MP: 4/4
  1576 | D:3      | You fall into a shaft and drop 1 floor!
  1621 | D:4      | Noticed an orc warrior
  1628 | D:4      | Killed an orc warrior
  1629 | D:4      | Reached skill level 6 in Ranged Weapons
  1629 | D:4      | Reached XP level 5. HP: 38/38 MP: 5/5
  1692 | D:4      | Reached XP level 6. HP: 26/44 MP: 6/6
  1694 | D:4      | Reached skill level 7 in Ranged Weapons
  2098 | D:4      | Learned a level 1 spell: Necrotise
  2420 | D:5      | Entered Level 5 of the Dungeon
  2423 | D:5      | Reached XP level 7. HP: 50/50 MP: 7/7
  2473 | D:5      | Reached skill level 1 in Necromancy
  2632 | D:5      | Reached skill level 8 in Ranged Weapons
  2635 | D:5      | Noticed Iusername's ghost (novice MiFi)
  2636 | D:5      | Found a transporter.
  2705 | D:5      | Found an ornate altar of the Wu Jian Council.
  2895 | D:5      | HP: 2/50 [killer bee (6)]
  2899 | D:5      | Slain by a killer bee

Illustrated notes

Levels and vault maps discovered:
D:1:      minmay_arrival_checkered_box, layout_basic,
          hellmonk_ecumenical_altar_heavens_door
D:2:      layout_basic, basic_altar, minmay_tetromino_t4
D:3:      layout_basic, nicolae_figureground_sparkle
D:4:      layout_loops_ring, minmay_manual_mess
D:5:      layout_basic, mainiacjoe_overflow_alcove_4, gammafunk_ghost_arena,
          nrook_pool_corridor, hex_tiny

Skill      XL: |  1  2  3  4  5  6  7 |
---------------+----------------------+-----
Ranged Weapons | 5 6 7 8 |  8.4
Necromancy     | 2 |  2.2
Fighting       | |  2.1
Dodging        | |  1.7
Stealth        | |  1.2

Action                   |  1- 3 |  4- 6 |  7- 9 || total
-------------------------+-------+-------+-------++-------
 Fire: Shortbow          |    30 |       |       ||    30
       Arbalest          |    29 |    68 |    35 ||   132
 Abil: Dig               |     4 |       |       ||     4
  Use: Scroll            |    11 |     4 |       ||    15
       Potion            |       |       |     4 ||     4
Armor: Leather armour    |     2 |       |    11 ||    13
Dodge: Dodged            |     6 |     4 |    42 ||    52
